AoeStats
← Royal Edg

Arabia

517166399Analyzed
1v1 RM · 8d ago on Oct 29, 2026· 36m 58s· 2 players
Game mode
Random Map
Map size
Tiny (2 player)
Population
200
Speed
Normal
Resources
Standard
Victory
Conquest
Starting age
Dark Age
Ending age
Imperial Age
RankedLock teamsTeams togetherTeam positionsShared explorationLock speedFull tech treeHidden civsTurbo modeCheats
Victory
Defeat
🇨🇱 Mongols · Chile
1240
+17
vs
🇨🇦 Vietnamese · Canada
1251
-17
Royal Edg
5:16 Loom
8:46 Feudal Age
9:30 Double-Bit Axe
10:26 Horse Collar
16:25 Fletching
17:38 Padded Archer Armor
22:52 Castle Age
21:12 Gold Mining
23:00 Elite Skirmisher
23:40 Bodkin Arrow
24:18 Thumb Ring
27:10 Leather Archer Armor
28:25 Bow Saw
32:43 Ballistics
36:52 Imperial Age
Mythrender
7:39 Loom
9:42 Feudal Age
14:45 Padded Archer Armor
14:30 Horse Collar
17:04 Fletching
18:58 Arson
20:55 Gold Mining
24:14 Castle Age
23:50 Scale Mail Armor
24:03 Forging
24:16 Double-Bit Axe
24:25 Crossbowman
25:55 Leather Archer Armor
34:02 Scale Barding Armor
33:52 Bodkin Arrow
35:08 Husbandry
36:15 Bow Saw
Connection lost

Rejoining the realm…

Still unreachable

The connection could not be restored.

Session expired

The server has moved on; the page needs a fresh start.